 Dungeon Crawl Stone Soup version 0.30.1-4-g462c640d31 (webtiles) character file.

Game seed: 5663515612891251156

232 Zeor the Slasher (level 5, -8/39 HPs)
             Began as a Demonspawn Gladiator on Sept 8, 2023.
             Killed by divine providence
             ... invoked by an orc priest
              (13 damage)
             ... on level 3 of the Dungeon.
             The game lasted 00:05:51 (1604 turns).

Zeor the Slasher (Demonspawn Gladiator)             Turns: 1604, Time: 00:05:51

Health: -8/39      AC:  5    Str: 14    XL:     5   Next: 73%
Magic:  7/7        EV: 13    Int: 12    God:
Gold:   172        SH:  0    Dex: 16    Spells: 6/6 levels left

rFire   + . .        a - +1 long sword
rCold   . . .        (no shield)
rNeg    . . .        k - +1 leather armour {rF+}
rPois   .            c - +0 helmet
rElec   .            (no cloak)
rCorr   .            (no gloves)
SInv    .            (no boots)
Will    .....        g - amulet of regeneration
Stlth   ++           (no ring)
HPRegen 1.06/turn    (no ring)
MPRegen 0.10/turn

%: no passive effects
@: no status effects
A: thin skeletal structure 1, spiny 1, demonic touch 1
a: no special abilities


You were on level 3 of the Dungeon.
You visited 1 branch of the dungeon, and saw 3 of its levels.

You collected 172 gold pieces.

Inventory:

Hand Weapons
 a - a +1 long sword (weapon)
 f - a +1 dagger of venom
Missiles
 d - a throwing net (quivered)
 e - a javelin
Armour
 c - a +0 helmet (worn)
 k - a +1 leather armour of fire resistance (worn)
Jewellery
 g - an amulet of regeneration (around neck)
Scrolls
 b - a scroll of enchant armour
 i - a scroll of immolation
 l - a scroll of poison
 m - a scroll of identify
Potions
 h - a potion of ambrosia {unknown}
 j - a potion of mutation
 n - a potion of resistance {unknown}


   Skills:
 + Level 2.6 Fighting
 * Level 4.7 Long Blades
 + Level 1.9 Throwing
 + Level 0.4 Armour
 * Level 3.5 Dodging
 + Level 0.3 Stealth
 * Level 1.4 Spellcasting


You had 6 spell levels left.
You didn't know any spells.
Your spell library contained the following spells:

 Spells                   Type           Power      Damage    Failure   Level
 Blink                    Tloc           0%         N/A       50%         2
 Manifold Assault         Tloc           0%         N/A       98%         4
 Storm Form               Tmut/Air       0%         N/A       100%        7


Dungeon Overview and Level Annotations

Branches:
Dungeon (3/15)

Altars:


Innate Abilities, Weirdness & Mutations

You have a somewhat thin skeletal structure. (Dex +2, Stealth+)
You are partially covered in sharp spines.
Your touch may inflict minor irresistible damage on your foes.


Message History

You kill the orc!
You hit the orc.
The orc is heavily wounded.
An orc priest comes into view. It is wielding a +0 mace.
The orc closely misses you.
You closely miss the orc.
The orc is heavily wounded.
The orc is struck by your spines.
You kill the orc!
The orc priest calls down the wrath of Beogh upon you.
Pain shoots through your body!
Things that are here:
a +0 short sword; a +0 hand axe You closely miss the orc priest.
You touch the orc priest!
The orc priest is heavily wounded.
The orc priest calls down the wrath of Beogh upon you.
Pain shoots through your body!
An orc comes into view. It is wielding a +0 club.
The orc priest hits you with a +0 mace!
You are too injured to fight recklessly!
You barely miss the orc priest.
The orc priest is heavily wounded.
The orc shouts!
You slash the orc priest!
The orc priest is almost dead.
The orc priest invokes the aid of Beogh against you.
Beogh smites you!
* * * LOW HITPOINT WARNING * * *
You barely miss the orc priest.
The orc priest is almost dead.
The orc priest closely misses you. The orc is struck by your spines.
The orc hits you with a +0 club.
* * * LOW HITPOINT WARNING * * *
Okay, then.
You hit the orc priest but do no damage.
Your touch misses the orc priest.
The orc priest is almost dead.
The orc priest calls down the wrath of Beogh upon you.
Beogh smites you!
You die...

▒?▒ ∙∙▒ ▒∙▒
▒∙▒ ▒∙▒ ▒∙▒
▒∙▒▒▒▒▒o▒▒▒▒
∙∙∙∙∙?o6)∙∙▒
▒∙▒▒▒∙▒▒▒▒∙▒
▒ ▒∙▒ ▒∙▒
▒∙▒ ▒∙▒ ▒∙▒
▒∙▒ ▒▒∙▒


You could see an orc priest and an orc.

Vanquished Creatures
  A black bear (D:2)
  4 gnolls (D:2)
  2 adders (D:2)
  A worm (D:2)
  3 dart slugs (D:2)
  3 orcs (D:3)
  3 bats
  9 endoplasms
  3 giant cockroaches (D:2)
  7 goblins
  5 hobgoblins
  3 jackals
  7 kobolds (D:1)
  A quokka (D:2)
  4 ball pythons
  7 frilled lizards
  7 rats
70 creatures vanquished.

Notes
Turn   | Place    | Note
-------+----------+-------------------------------------------
     0 | D:1      | Zeor the Demonspawn Gladiator began the quest for the Orb.
     0 | D:1      | Reached XP level 1. HP: 16/16 MP: 1/1
   147 | D:1      | Gained mutation: You are partially covered in sharp spines.
                  | [demonic ancestry]
   147 | D:1      | Reached XP level 2. HP: 16/22 MP: 2/2
   238 | D:1      | Found a faded altar of an unknown god.
   252 | D:1      | Reached skill level 3 in Long Blades
   427 | D:1      | Reached XP level 3. HP: 27/27 MP: 3/3
  1013 | D:2      | Noticed a black bear
  1030 | D:2      | Killed a black bear
  1031 | D:2      | Reached skill level 4 in Long Blades
  1031 | D:2      | Gained mutation: Your touch may inflict minor irresistible
                  | damage on your foes. [demonic ancestry]
  1031 | D:2      | Reached XP level 4. HP: 34/34 MP: 3/5
  1031 | D:2      | Gained mutation: You have a somewhat thin skeletal
                  | structure. (Dex +2, Stealth+) [demonic ancestry]
  1031 | D:2      | Reached XP level 5. HP: 39/39 MP: 3/6
  1172 | D:2      | Reached skill level 1 in Spellcasting
  1604 | D:3      | Killed from afar by an orc priest

Illustrated notes

Levels and vault maps discovered:
D:1:      amcnicky_arrival_feature_with_door, layout_loops_ring,
          hellmonk_ecumenical_altar_blasted
D:2:      layout_basic, minmay_small_reverse_x
D:3:      minmay_diamond_boxcup, layout_basic, fedhas_ov_isle_minmay,
          serial_shops, nicolae_shop_crystal, minmay_mini_jars

Skill      XL: |  1  2  3  4  5 |
---------------+----------------+-----
Dodging        | 3 |  3.5
Long Blades    | 3 4 |  4.7
Spellcasting   | 1 |  1.4
Fighting       | |  2.6
Throwing       | |  1.9
Armour         | |  0.4
Stealth        | |  0.3

Action                     |  1- 3 |  4- 6 || total
---------------------------+-------+-------++-------
  Melee: Long sword        |    82 |    50 ||   132
         Punch             |     2 |     1 ||     3
         Touch             |       |    12 ||    12
  Throw: Throwing net      |     2 |       ||     2
         Javelin           |       |     1 ||     1
    Use: Scroll            |     6 |     2 ||     8
         Potion            |     1 |       ||     1
   Stab: Sleeping          |     1 |     4 ||     5
 Armour: Leather armour    |    16 |     5 ||    21
  Dodge: Dodged            |    33 |    20 ||    53
